 Dungeon Crawl Stone Soup version 0.26-a0-649-gf8c6c3aab7 (webtiles) character file.

Game seed: 5901130990800119751

590 Borbozo the Covert (level 7, 0/45 HPs)
             Began as an Octopode Brigand on Sept 27, 2020.
             Was a Follower of Elyvilon.
             Killed by divine providence
             ... invoked by an orc priest
              (12 damage)
             ... on level 6 of the Dungeon.
             The game lasted 00:36:00 (6143 turns).

Borbozo the Covert (Octopode Brigand)               Turns: 6143, Time: 00:36:01

Health: 0/45       AC:  1    Str: 10    XL:     7   Next: 38%
Magic:  7/7        EV: 18    Int: 14    God:    Elyvilon [*.....]
Gold:   172        SH:  0    Dex: 15    Spells: 6/6 levels left

rFire    . . .     SeeInvis .   a - +2 dagger
rCold    . . .     Faith    .   (no shield)
rNeg     . . .     Spirit   .   (helmet restricted)
rPois    +         Reflect  .   (no amulet)
rElec    .         Harm     .   m - ring of poison resistance
rCorr    .         Rampage  .   r - +4 ring of evasion
MR       .....                  (no ring)
Stlth    +++++.....             (no ring)
HPRegen  0.15/turn              (no ring)
MPRegen  0.10/turn              (no ring)
                                (no ring)
                                (no ring)

@: no status effects
A: almost no armour, stealthy swim, amphibious, 8 rings, constrict 8, camouflage
1, gelatinous body 1
a: Lesser Healing, Divine Protection, Renounce Religion


You were on level 6 of the Dungeon.
You worshipped Elyvilon.
Elyvilon was aware of your devotion.
You visited 1 branch of the dungeon, and saw 6 of its levels.

You collected 172 gold pieces.

Inventory:

Hand Weapons
 a - a +2 dagger (weapon)
 n - a +1 spear of venom
 o - a +0 arbalest
 p - a +1 hand axe of distortion
 t - a +1 falchion of holy wrath
 z - the +3 fustibalus "Newtslayer" {vorpal, rPois rC+ rN+, unknown}
   (You found it on level 5 of the Dungeon)

   Any stone fired from it inflicts extra damage.
   It protects you from cold.
   It protects you from poison.
   It protects you from negative energy.
 A - a +0 vorpal mace
Missiles
 b - 13 poisoned darts (quivered)
 c - 2 curare-tipped darts
 j - 10 atropa-tipped darts
 v - 42 bolts
Jewellery
 m - a ring of poison resistance (left tentacle)
 r - a +4 ring of evasion (right tentacle)
Wands
 u - a wand of flame (20)
Scrolls
 f - a scroll of blinking {unknown}
 i - 2 scrolls of random uselessness
 q - 3 scrolls of teleportation
 s - 2 scrolls of fog
 w - 3 scrolls of identify
 x - 2 scrolls of remove curse
 y - a scroll of enchant weapon {unknown}
Potions
 d - 2 potions of curing
 e - a potion of magic
 g - a potion of brilliance
 h - a potion of heal wounds {unknown}
 k - a potion of haste {unknown}
 l - 2 potions of stabbing


   Skills:
 + Level 2.7 Fighting
 + Level 3.2 Short Blades
 + Level 4.5 Throwing
 + Level 2.8 Dodging
 + Level 8.7 Stealth


You had 6 spell levels left.
You didn't know any spells.
Your spell library contained the following spells:

 Spells                   Type           Power        Failure   Level
 Foxfire                  Conj/Fire      #...         28%         1


Dungeon Overview and Level Annotations

Branches:
Dungeon (6/15)
 Temple: D:4-7

Altars:
Elyvilon
Fedhas
Okawaru
Ru
Sif Muna
Trog
Yredelemnul

Annotations:
D:5 1 runed translucent door, Crazy Yiuf


Innate Abilities, Weirdness & Mutations

You cannot wear most types of armour.
You are very stealthy in the water. (Stealth+)
You are amphibious.
You can wear up to eight rings at the same time.
You can use your tentacles to constrict eight enemies at once.
Your skin changes colour to match your surroundings (Stealth+).
Your rubbery body absorbs attacks. (AC +1, EV +1)


Message History

You constrict the orc.
The orc struggles to escape constriction.
You hit the orc but do no damage. You squeeze the orc.
You kill the orc!
The orc priest hits you from afar with a +0 trident.
You closely miss the orc. Your grab misses the orc. You squeeze the orc!
You kill the orc!
The orc priest completely misses you.
You hear the slow hiss of a distant avalanche of sand.
The orc priest mumbles some strange prayers to Beogh against you.
Beogh smites you!
* * * LOW HITPOINT WARNING * * *
The orc wizard casts a spell.
The orc wizard blinks!
The orc wizard casts a spell.
The orc wizard blinks!
The orc priest looks braver for a moment.
The orc priest invokes the aid of Beogh against you.
Beogh smites you!
You die...

#.......# ### #.#####.#
##.### #.# #.#
###....###.#####.#####
.....#...o..o........#
#...###.##.##.o#.###.#
###..#..##.##.o#.# #.#
##.).###.......###.# #o###
####...@.##.# #'#
##.##.##.# S.. #.......#
..... ####.#### ..ooo..
##......#
.........####...#.#.######.
...o.....+.................
....oS...####.<...#.######.
#...###.#


You could see 2 orc priests and an orc.

Vanquished Creatures
  2 ogres (D:5)
  A centaur (D:5)
  2 hounds
  A worker ant (D:5)
  2 orc wizards (D:5)
  A hound skeleton (D:5)
  5 adders
  3 gnolls (D:4)
  2 shadow imps (D:5)
  2 white imps
  An ooze (D:3)
  7 worms
  8 orcs
  8 bats
  2 giant cockroaches (D:4)
  2 goblins
  4 hobgoblins
  2 jackals (D:1)
  3 quokkas
  4 frilled lizards
  4 kobolds
  11 rats
77 creatures vanquished.

Notes
Turn   | Place    | Note
-------+----------+-------------------------------------------
     0 | D:1      | Borbozo the Octopode Brigand began the quest for the Orb.
     0 | D:1      | Reached XP level 1. HP: 14/14 MP: 1/1
   369 | D:1      | Reached XP level 2. HP: 13/19 MP: 2/2
   635 | D:1      | Reached skill level 6 in Stealth
  1710 | D:2      | Reached XP level 3. HP: 19/24 MP: 3/3
  2077 | D:2      | Found a blossoming altar of Fedhas.
  2818 | D:3      | Reached XP level 4. HP: 17/30 MP: 4/4
  3364 | D:3      | Found a faded altar of an unknown god.
  3422 | D:3      | HP: 1/30 [white imp/puff of frost (12)]
  3761 | D:3      | Reached skill level 7 in Stealth
  4039 | D:4      | Found a sacrificial altar of Ru.
  4039 | D:4      | Found a white marble altar of Elyvilon.
  4046 | D:4      | Became a worshipper of Elyvilon the Healer
  4159 | D:4      | Reached XP level 5. HP: 8/35 MP: 5/5
  4542 | D:4      | Found an iron altar of Okawaru.
  4730 | D:5      | Entered Level 5 of the Dungeon
  4798 | D:5      | Noticed a centaur
  4810 | D:5      | Killed a centaur
  4810 | D:5      | Reached XP level 6. HP: 8/41 MP: 6/6
  5136 | D:5      | Reached * piety under Elyvilon
  5155 | D:5      | Got a dazzling fustibalus
  5170 | D:5      | Found a basalt altar of Yredelemnul.
  5245 | D:5      | Reached skill level 8 in Stealth
  5467 | D:5      | Reached XP level 7. HP: 35/45 MP: 7/7
  5559 | D:5      | Found a runed translucent door.
  5561 | D:5      | Noticed Crazy Yiuf
  5591 | D:5      | Found a shimmering blue altar of Sif Muna.
  5622 | D:5      | Identified Sif Muna's Almanac of Battle Magic
  5767 | D:5      | Noticed a moth of wrath
  5769 | D:5      | Found a bloodstained altar of Trog.
  6143 | D:6      | Killed from afar by an orc priest

Illustrated notes

Levels and vault maps discovered:
D:1:      sevenhm_arrival_forest_fort_large_4, layout_loops_ring,
          minmay_tetromino_o4
D:2:      layout_loops_ring, fedhas_altar_2, kennysheep_flooded_box,
          minmay_tall_x
D:3:      layout_rooms, chequers_ecumenical_altar_simple_redux
D:4:      layout_cave_pools, gammafunk_temple_overflow_wave,
          okawaru_ov_weapons_minmay
D:5:      layout_cave_pools, tgw_trog, basic_altar, led_sif_book,
          uniq_crazy_yiuf_cottage
D:6:      layout_loops_corners, nicolae_ossuary_entry_plus, uniq_grinder

Skill      XL: |  1  2  3  4  5  6 |
---------------+-------------------+-----
Stealth        | 6 7 8 |  8.7
Throwing       | 3 4 |  4.5
Dodging        | 2 |  2.8
Short Blades   | 3 |  3.2
Fighting       | |  2.7

Action                   |  1- 3 |  4- 6 |  7- 9 || total
-------------------------+-------+-------+-------++-------
Melee: Dagger            |    65 |    74 |    24 ||   163
       Constrict         |    17 |    20 |     5 ||    42
       Tentacles         |    11 |    16 |     8 ||    35
Throw: Dart              |    15 |    41 |    15 ||    71
  Use: Scroll            |     3 |     3 |       ||     6
       Potion            |       |     4 |       ||     4
 Stab: Sleeping          |     4 |     5 |     2 ||    11
       Distracted        |     1 |       |       ||     1
Armor: Skin              |    11 |     3 |       ||    14
Dodge: Dodged            |    45 |    57 |     7 ||   109

Table legend: (Time is in decaauts)
 A = Elapsed time spent in this place.
 B = Non-inter-level travel time spent in this place.
 C = Inter-level travel time spent in this place.
 D = Time resting spent in this place.
 E = Time spent auto-exploring this place.
 F = Levels seen in this place.
 G = Mean time per level.
                   A        B        C        D        E       F      G
               +--------+--------+--------+--------+--------+-----+--------+
         Total |   6111 |   6111 |      0 |   2448 |      0 |   6 | 1018.5 |
       Dungeon |   6111 |   6111 |      0 |   2448 |      0 |   6 | 1018.5 |
               +--------+--------+--------+--------+--------+-----+--------+

Top non-repeatable levels by time:
     D:1: 1496 daAuts
     D:5: 1285 daAuts
     D:2: 1226 daAuts
     D:3: 1166 daAuts
     D:4: 822 daAuts
     D:6: 113 daAuts
